 Dungeon Crawl Stone Soup version 0.31.0-11-ge490571c62 (webtiles) character file.

Game seed: 5426968456002204527

51 Flugkiller the Chiller (level 3, -1/16 HPs)
             Began as a Vine Stalker Ice Elementalist on Feb 2, 2024.
             Shot with a sling bullet by a goblin (6 damage)
             ... on level 2 of the Dungeon.
             The game lasted 00:00:38 (108 turns).

Flugkiller the Chiller (VSIE)                        Turns: 108, Time: 00:00:39

Health: -1/16      AC:  2    Str: 10    XL:     3   Next: 83%
Magic:  0/8        EV: 12    Int: 17    God:
Gold:   9          SH:  0    Dex: 14    Spells: 7/8 levels left

rFire   . . .        d - +1 dagger (venom)
rCold   . . .        (no shield)
rNeg    . . .        a - +0 robe
rPois   .            (no helmet)
rElec   .            (no cloak)
rCorr   .            (no gloves)
SInv    .            (no boots)
Will    .....        (no amulet)
Stlth   ++           (no ring)
HPRegen 1.02/turn    (no ring)
MPRegen 0.11/turn

%: guardian spirit
@: very slightly contaminated
A: fangs 2, regeneration 1, magic shield, antimagic bite, no potion heal 2
a: no special abilities


You were on level 2 of the Dungeon.
You visited 1 branch of the dungeon, and saw 2 of its levels.

You collected 9 gold pieces.

Inventory:

Hand Weapons
 d - a +1 dagger of venom (weapon)
   (You took it off a kobold on level 1 of the Dungeon)
Armour
 a - a +0 robe (worn)
Scrolls
 t - 2 scrolls of teleportation
Potions
 b - a potion of magic


   Skills:
 - Level 1.5 Dodging
 - Level 2.4 Stealth
 + Level 3.3 Spellcasting
 + Level 4.7 Ice Magic


You had 7 spell levels left.
You knew the following spells:

 Your Spells              Type           Power      Damage    Failure   Level
a - Freeze                Ice            72%        1d8       2%          1

Your spell library contained the following spells:

 Spells                   Type           Power      Damage    Failure   Level
 Frozen Ramparts          Ice            36%        1d6       8%          3
 Ozocubu's Armour         Ice            18%        N/A       8%          3
 Summon Ice Beast         Ice/Summ       10%        N/A       19%         3


Dungeon Overview and Level Annotations

Branches:
Dungeon (2/15) Zot: 11891

Altars:

Shops:
D:1 ?


Innate Abilities, Weirdness & Mutations

You have extremely sharp teeth.
Your natural rate of healing is unusually fast.
When hurt, damage is shared between your health and your magic reserves.
Your bite disrupts and absorbs the magic of your enemies.
Potions cannot restore your health.


Message History

You kill the adder!
A goblin comes into view. It is wielding a +0 club.
The kobold closely misses you. The rat barely misses you.
You closely miss the kobold. You bite the kobold. You drain its power.
You feel invigorated.
The kobold is heavily wounded.
A goblin comes into view. It is wielding a +0 dagger.
The rat bites you. The kobold closely misses you.
The goblin shouts!
You hit the kobold.
You kill the kobold!
The rat barely misses you.
You barely miss the rat. The rat bites you but does no damage.
You hit the rat.
You kill the rat!
A bat comes into view.
The goblin unwields a +0 dagger.
The goblin wields a +0 sling.
The goblin shoots a sling bullet.
The sling bullet closely misses you.
You hear an angry hiss.
You have reached level 3!
Your experience leads to an increase in your attributes!
Increase (S)trength, (I)ntelligence, or (D)exterity?
You feel clever. x2
Unknown command.
You hit the goblin.
The goblin is severely wounded.
The goblin hits you with a +0 club.
You hit the goblin.
You kill the goblin!
The goblin shoots a sling bullet.
The sling bullet hits you.
You hit the bat but do no damage.
The bat is poisoned.
You bite the bat, but do no damage. The bat hits you but does no damage.
The goblin shoots a sling bullet.
The sling bullet barely misses you. The bat misses you.
The goblin shoots a sling bullet.
The sling bullet hits you.
You see here a +0 club.
The bat barely misses you.
Natasha, Servant of Life and Death comes into view.
Natasha casts a spell.
You see here a rat corpse.
You hit the bat.
The bat looks as sick as possible!
The bat is moderately wounded.
You kill the bat!
The goblin shoots a sling bullet.
The sling bullet closely misses you.
Unknown command.
Natasha casts a spell at you. The magic dart hits you.
Unknown command.
Casting: Freeze (safe; 2% risk of failure)
Confirm with . or Enter, or press ? or * to list all spells.
Aiming: Freeze (safe; 2% risk of failure)
Press: ? - help, Shift-Dir - straight line, f - Natasha
Aim: Natasha You freeze Natasha.
Natasha is moderately wounded.
The cerulean imp hits you from afar with a +1 spear.
Natasha claws you.
Casting: Freeze (safe; 2% risk of failure)
Confirm with . or Enter, or press ? or * to list all spells.
Aiming: Freeze (safe; 2% risk of failure)
Press: ? - help, Shift-Dir - straight line, f/p - Natasha
Aim: Natasha (moderately wounded)
You freeze Natasha.
Natasha is severely wounded.
The cerulean imp hits you from afar with a +1 spear.
Natasha claws you.
* * * LOW HITPOINT WARNING * * *
You closely miss Natasha. You bite Natasha.
Natasha's magic leaks into the air.
You drain her magic.
You feel invigorated.
Natasha is severely wounded.
Natasha's magic is no longer disrupted.
The cerulean imp hits you but does no damage.
Natasha misses you.
Casting: Freeze (safe; 2% risk of failure)
Confirm with . or Enter, or press ? or * to list all spells.
Aiming: Freeze (safe; 2% risk of failure)
Press: ? - help, Shift-Dir - straight line, f/p - Natasha
Aim: Natasha (severely wounded)
You miscast Freeze.
You are very lightly contaminated with residual magic.
Nothing appears to happen.
The cerulean imp hits you from afar with a +1 spear.
* * * LOW HITPOINT WARNING * * *
Natasha claws you.
* * * LOW HITPOINT WARNING * * *
Casting: Freeze (safe; 2% risk of failure)
Confirm with . or Enter, or press ? or * to list all spells.
Aiming: Freeze (safe; 2% risk of failure)
Press: ? - help, Shift-Dir - straight line, f/p - Natasha
Aim: Natasha (severely wounded)
You freeze Natasha!
You kill Natasha!
Moaning pathetically, Natasha's spirit plunges into the ground.
The cerulean imp disappears in a puff of smoke!
The goblin shoots a sling bullet.
The sling bullet closely misses you.
Your Spellcasting skill increases to level 3!
Unknown command.
You see here a rat corpse.
The goblin shoots a sling bullet.
The sling bullet hits you.
You die...

#.#.# #.#.#
#.#.# ##.#.#
###....#####
.........!.
#.†.......
#@)#
#####)†####
#.......g.#
#.###..##.#
#..# §. #..#
## #..# #.$#
....


You could see a goblin.

Vanquished Creatures
  Natasha (D:2)
  An adder (D:2)
  A dart slug (D:1)
  An endoplasm (D:1)
  2 goblins
  4 jackals (D:1)
  A bat (D:2)
  2 kobolds
  2 rats
15 creatures vanquished.

Notes
Turn   | Place    | Note
-------+----------+-------------------------------------------
     0 | D:1      | Flugkiller the Vine Stalker Ice Elementalist began the
                  | quest for the Orb.
     0 | D:1      | Reached XP level 1. HP: 9/9 MP: 4/4
    17 | D:1      | Found Ylit's Magic Scroll Boutique.
    61 | D:1      | Reached XP level 2. HP: 13/13 MP: 1/6
    95 | D:2      | Reached XP level 3. HP: 16/16 MP: 8/8
    99 | D:2      | Noticed Natasha
   106 | D:2      | Killed Natasha
   108 | D:2      | Shot with a sling bullet by a goblin

Illustrated notes

Levels and vault maps discovered:
D:1:      erik_arrival_triangle_medium, layout_loops_cross, serial_shops,
          shop_fountains
D:2:      layout_loops_ring, basic_altar, uniq_natasha

Skill      XL: |  1  2  3 |
---------------+----------+-----
Spellcasting   | 3 |  3.3
Dodging        | |  1.5
Stealth        | |  2.4
Ice Magic      | |  4.7

Action                     || total
---------------------------++-------
  Melee: Dagger            ||    32
         Bite              ||     9
   Cast: Freeze            ||     5
    Use: Scroll            ||     1
   Stab: Sleeping          ||     1
 Armour: Robe              ||    26
  Dodge: Dodged            ||    28
